 Dungeon Crawl Stone Soup version 0.30.0-29-ga12c61a403 (webtiles) character file.

Game seed: 16961154666497375973

131 Destapler the Trooper (level 4, -5/37 HPs)
             Began as a Demonspawn Berserker on June 23, 2023.
             Was a Believer of Trog.
             Killed by nerve-wracking pain
             ... invoked by Jessica
              (13 damage)
             ... on level 2 of the Dungeon.
             The game lasted 00:02:26 (1600 turns).

Destapler the Trooper (Demonspawn Berserker)        Turns: 1600, Time: 00:02:26

Health: -5/37      AC:  2    Str: 19    XL:     4   Next: 91%
Magic:  4/4        EV: 12    Int:  9    God:    Trog [**....]
Gold:   85         SH:  0    Dex: 14    Spells: 3/3 levels left

rFire   . . .        a - +0 mace
rCold   . . .        (no shield)
rNeg    . . .        b - +0 animal skin
rPois   .            (no helmet)
rElec   .            (no cloak)
rCorr   .            (no gloves)
SInv    .            (no boots)
Will    .....        (no amulet)
Stlth   ++           (no ring)
HPRegen 0.26/turn    (no ring)
MPRegen 0.09/turn

%: no passive effects
@: hasted, very quick
A: thin skeletal structure 1, demonic guardian 1
a: Renounce Religion, Berserk, Trog's Hand


You were on level 2 of the Dungeon.
You worshipped Trog.
Trog was pleased with you.
You visited 1 branch of the dungeon, and saw 2 of its levels.

You collected 85 gold pieces.

Inventory:

Hand Weapons
 a - a +0 mace (weapon)
Armour
 b - a +0 animal skin (worn)
Jewellery
 f - a ring of fire
Scrolls
 c - 3 scrolls of teleportation {unknown}
 d - 4 scrolls of fog {unknown}
 g - a scroll of noise {unknown}
 h - a scroll of magic mapping {unknown}
Potions
 i - 2 potions of magic {unknown}
 j - a potion of curing {unknown}


   Skills:
 + Level 3.8 Fighting
 + Level 3.4 Maces & Flails
 + Level 2.7 Armour
 + Level 2.7 Dodging


You had 3 spell levels left.
You didn't know any spells.
Your spell library was empty.

Dungeon Overview and Level Annotations

Branches:
Dungeon (2/15)

Altars:

Annotations:
D:2 Jessica


Innate Abilities, Weirdness & Mutations

You have a somewhat thin skeletal structure. (Dex +2, Stealth+)
A weak demonic guardian rushes to your aid.


Message History

You hit the quokka but do no damage.
The quokka is severely wounded.
The quokka bites you.
* * * LOW HITPOINT WARNING * * *
You hit the quokka.
The quokka is almost dead.
The quokka bites you.
* * * LOW HITPOINT WARNING * * *
You closely miss the quokka.
The quokka is almost dead.
The quokka barely misses you.
You barely miss the quokka.
The quokka is almost dead.
The jackal barks!
Jessica gestures wildly while chanting.
Jessica blinks!
The quokka barely misses you.
You hit the quokka.
You kill the quokka!
Trog accepts your kill.
Jessica gestures wildly while chanting.
Jessica blinks!
The goblin hits you but does no damage.
You see here a jackal corpse.
You completely miss the goblin. The goblin hits you but does no damage.
You hit the goblin.
You kill the goblin!
Trog accepts your kill. The jackal barely misses you.
The jackal closely misses you.
You see here a +0 club.
You barely miss the jackal. The jackal closely misses you.
You hit the jackal.
The jackal is moderately wounded.
Jessica hits you with a +0 dagger.
* * * LOW HITPOINT WARNING * * *
The jackal completely misses you.
You barely miss the jackal.
The jackal is moderately wounded.
Jessica gestures at you while chanting. Pain shoots through your body!
You die...

##....#.# #.#.#...#..##
......#.####
#............
#####...†..#
###.#...#..## #>#.##.#
#.#####..##
#.#.##.######..........
#..#......?############
.###..###.# #.
##†###.### # #†@h......
#..@.##.##. #.###.# ##
.. ... ..## ... ..##


You could see Jessica (fast) and a jackal.

Vanquished Creatures
  5 gnolls
  2 adders (D:2)
  2 dart slugs
  6 ball pythons
  9 endoplasms
  2 giant cockroaches (D:2)
  7 goblins
  3 hobgoblins (D:1)
  6 jackals
  3 kobolds
  2 quokkas
  3 bats (D:1)
  3 frilled lizards
  4 rats
57 creatures vanquished.

Notes
Turn   | Place    | Note
-------+----------+-------------------------------------------
     0 | D:1      | Destapler the Demonspawn Berserker began the quest for the
                  | Orb.
     0 | D:1      | Reached XP level 1. HP: 18/18 MP: 1/1
   102 | D:1      | Gained mutation: You have a somewhat thin skeletal
                  | structure. (Dex +2, Stealth+) [demonic ancestry]
   102 | D:1      | Reached XP level 2. HP: 21/24 MP: 2/2
   425 | D:1      | Reached ** piety under Trog
   426 | D:1      | Reached XP level 3. HP: 19/29 MP: 3/3
  1042 | D:1      | Gained mutation: A weak demonic guardian rushes to your
                  | aid. [demonic ancestry]
  1042 | D:1      | Reached XP level 4. HP: 30/35 MP: 4/4
  1564 | D:2      | Noticed Jessica
  1600 | D:2      | Killed from afar by Jessica

Illustrated notes

Levels and vault maps discovered:
D:1:      elethiomel_arrival_shortcut, layout_basic
D:2:      layout_loops_cross, uniq_jessica

Skill      XL: |  1  2 |
---------------+-------+-----
Armour         | 2 |  2.7
Dodging        | 2 |  2.7
Maces & Flails | 3 |  3.4
Fighting       | |  3.8

Action                     |  1- 3 |  4- 6 || total
---------------------------+-------+-------++-------
  Melee: Mace              |    87 |    75 ||   162
 Invoke: Berserk           |     1 |     1 ||     2
    Use: Potion            |       |     1 ||     1
   Stab: Sleeping          |     3 |     6 ||     9
         Distracted        |     1 |       ||     1
 Armour: Animal skin       |    10 |    15 ||    25
  Dodge: Dodged            |    47 |    56 ||   103
